[ AOE2 MATCH · #505323262 ]
UnrankedBurmese vs Tupi
Player's team · WIN
Rival team · LOSS
[ REPLAY ANALYSIS · EXTRACTED FROM THE RECORDED GAME ]
Feudal
9:56
Castle
30:47
Imperial
—
| APM avg | 60.7 |
| APM peak | 102 |
| eAPM avg | 22.8 |
| Villagers / military | 76 / 43 |
Focus
⚔️ 25.4% · 🌾 74.6%
Monk ×12 · Skirmisher ×9 · Archer ×8 · Mangonel ×6 · Scout Cavalry ×3 · Knight ×2
Feudal
18:27
Castle
29:44
Imperial
—
| APM avg | 49.9 |
| APM peak | 95 |
| eAPM avg | 24.3 |
| Villagers / military | 87 / 16 |
Focus
⚔️ 25.2% · 🌾 74.8%
Unknown (2579) ×17 · Skirmisher ×6 · Mangonel ×5 · Monk ×3 · Spearman ×2 · Unknown (2550) ×1
Match map
Initial resources + every placement click. Lines = walls · curves = elevation contours. ◆ gold · ⬟ stone · ● berries · ✦ relic · ◌ wall gap
Your base· Open — 3t gap
TE MS MOE's base· Open — unwalled flank
Smoothed initial terrain · ◌ = detected wall gap · hover for details
Inputs per minute
— Tom Tucker - - TE MS MOE
Build order — Tom Tucker
First 150 of 192 actions detected
| 0:00 | Queue | Villager (Male) |
| 0:01 | Queue | Villager (Male) |
| 0:02 | Build | House |
| 0:03 | Build | House |
| 0:11 | Queue | Villager (Male) |
| 0:14 | Queue | Villager (Male) |
| 1:26 | Queue | Villager (Male) |
| 1:54 | Build | Lumber Camp |
| 2:03 | Queue | Villager (Male) |
| 2:03 | Queue | Villager (Male) |
| 2:17 | Queue | Villager (Male) |
| 2:48 | Queue | Villager (Male) |
| 3:00 | Queue | Villager (Male) |
| 3:42 | Queue | Villager (Male) |
| 3:42 | Queue | Villager (Male) |
| 4:15 | Build | House |
| 4:34 | Queue | Villager (Male) |
| 4:44 | Build | Mill |
| 5:05 | Queue | Villager (Male) |
| 5:06 | Queue | Villager (Male) |
| 5:18 | Queue | Villager (Male) |
| 6:02 | Queue | Villager (Male) |
| 6:07 | Build | House |
| 6:37 | Queue | Villager (Male) |
| 6:56 | Research | Loom |
| 7:46 | Research | Feudal Age |
| 8:03 | Build | Mining Camp |
| 9:17 | Build | Palisade Wall |
| 9:20 | Build | Palisade Wall |
| 9:22 | Build | Palisade Wall |
| 9:43 | Queue | Villager (Male) |
| 9:48 | Queue | Villager (Male) |
| 9:56 | Age | Feudal Age |
| 10:11 | Build | Barracks |
| 10:47 | Queue | Villager (Male) |
| 11:32 | Queue | Villager (Male) |
| 12:29 | Build | Archery Range |
| 12:38 | Build | Archery Range |
| 13:21 | Queue | Archer |
| 13:39 | Queue | Archer |
| 13:46 | Build | House |
| 14:20 | Queue | Archer |
| 16:11 | Build | Town Center |
| 16:19 | Queue | Archer |
| 16:24 | Build | House |
| 17:21 | Queue | Archer |
| 17:43 | Queue | Archer |
| 18:24 | Queue | Archer |
| 18:31 | Build | Market |
| 18:57 | Build | Farm |
| 19:54 | Queue | Villager (Male) |
| 19:59 | Queue | Villager (Male) |
| 20:14 | Build | Blacksmith |
| 20:28 | Queue | Villager (Male) |
| 21:00 | Build | Farm |
| 21:10 | Build | Farm |
| 21:13 | Queue | Villager (Male) |
| 21:13 | Queue | Villager (Male) |
| 22:00 | Queue | Villager (Male) |
| 22:07 | Build | Stable |
| 22:17 | Build | Farm |
| 22:51 | Queue | Villager (Male) |
| 22:54 | Queue | Scout Cavalry |
| 23:14 | Queue | Villager (Male) |
| 23:18 | Queue | Scout Cavalry |
| 23:50 | Build | Farm |
| 24:01 | Queue | Scout Cavalry |
| 24:04 | Queue | Villager (Male) |
| 24:32 | Queue | Villager (Male) |
| 24:48 | Queue | Villager (Male) |
| 24:54 | Queue | Archer |
| 25:26 | Queue | Villager (Male) |
| 25:31 | Build | Mining Camp |
| 26:30 | Build | Farm |
| 28:07 | Research | Castle Age |
| 29:02 | Research | Fletching |
| 30:47 | Age | Castle Age |
| 30:51 | Build | Castle |
| 31:43 | Queue | Villager (Male) |
| 31:43 | Queue | Villager (Male) |
| 31:45 | Queue | Arambai |
| 31:49 | Build | Siege Workshop |
| 31:53 | Queue | Knight |
| 32:22 | Queue | Battering Ram |
| 32:23 | Queue | Villager (Male) |
| 32:35 | Queue | Knight |
| 32:50 | Queue | Villager (Male) |
| 33:05 | Queue | Battering Ram |
| 33:08 | Queue | Mangonel |
| 34:02 | Queue | Villager (Male) |
| 34:33 | Queue | Mangonel |
| 34:51 | Queue | Villager (Male) |
| 35:10 | Queue | Villager (Male) |
| 36:12 | Queue | Villager (Male) |
| 36:20 | Build | Monastery |
| 36:24 | Queue | Villager (Male) |
| 36:52 | Queue | Villager (Male) |
| 37:20 | Queue | Monk |
| 37:21 | Build | Monastery |
| 37:25 | Queue | Villager (Male) |
| 37:31 | Queue | Villager (Male) |
| 37:52 | Build | Town Center |
| 37:54 | Queue | Monk |
| 38:19 | Queue | Villager (Male) |
| 38:29 | Research | Redemption |
| 38:43 | Build | Farm |
| 38:57 | Queue | Villager (Male) |
| 38:57 | Queue | Villager (Male) |
| 39:00 | Queue | Monk |
| 39:00 | Queue | Monk |
| 39:06 | Queue | Mangonel |
| 39:13 | Queue | Villager (Male) |
| 39:21 | Queue | Villager (Male) |
| 39:48 | Queue | Villager (Male) |
| 39:48 | Queue | Villager (Male) |
| 39:50 | Research | Fervor |
| 40:41 | Queue | Monk |
| 40:50 | Queue | Villager (Male) |
| 40:50 | Queue | Villager (Male) |
| 40:56 | Build | House |
| 41:04 | Queue | Monk |
| 41:05 | Queue | Villager (Male) |
| 41:07 | Build | House |
| 41:36 | Queue | Villager (Male) |
| 41:39 | Research | Sanctity |
| 41:46 | Build | Town Center |
| 41:47 | Queue | Villager (Male) |
| 41:55 | Queue | Mangonel |
| 42:40 | Build | Farm |
| 42:41 | Queue | Villager (Male) |
| 42:42 | Build | Farm |
| 42:42 | Build | Farm |
| 42:43 | Build | Farm |
| 42:43 | Build | Farm |
| 42:43 | Build | Farm |
| 42:43 | Build | Farm |
| 42:45 | Queue | Villager (Male) |
| 42:46 | Queue | Villager (Male) |
| 43:26 | Queue | Villager (Male) |
| 43:27 | Queue | Villager (Male) |
| 43:30 | Build | Farm |
| 43:30 | Build | Farm |
| 43:30 | Build | Farm |
| 43:31 | Build | Farm |
| 43:41 | Queue | Monk |
| 43:42 | Queue | Monk |
| 43:42 | Queue | Villager (Male) |
| 43:46 | Build | Farm |
| 43:47 | Build | Farm |
| 43:48 | Build | Farm |
Build order — TE MS MOE
First 150 of 206 actions detected
| 0:01 | Queue | Villager (Male) |
| 0:02 | Build | House |
| 0:03 | Build | House |
| 0:11 | Queue | Villager (Male) |
| 0:12 | Queue | Villager (Male) |
| 0:33 | Queue | Villager (Male) |
| 1:00 | Queue | Villager (Male) |
| 1:00 | Queue | Villager (Male) |
| 1:28 | Queue | Villager (Male) |
| 2:04 | Queue | Villager (Male) |
| 2:04 | Queue | Villager (Male) |
| 2:16 | Build | Settlement |
| 2:25 | Queue | Villager (Male) |
| 2:25 | Queue | Villager (Male) |
| 2:25 | Queue | Villager (Male) |
| 3:12 | Build | Outpost |
| 3:18 | Queue | Villager (Male) |
| 3:19 | Queue | Villager (Male) |
| 3:19 | Queue | Villager (Male) |
| 3:19 | Queue | Villager (Male) |
| 4:10 | Queue | Villager (Male) |
| 4:10 | Queue | Villager (Male) |
| 4:10 | Queue | Villager (Male) |
| 4:45 | Research | Loom |
| 4:45 | Research | Loom |
| 5:15 | Queue | Villager (Male) |
| 5:16 | Queue | Villager (Male) |
| 5:16 | Queue | Villager (Male) |
| 5:16 | Queue | Villager (Male) |
| 5:55 | Queue | Villager (Male) |
| 5:56 | Queue | Villager (Male) |
| 5:56 | Queue | Villager (Male) |
| 5:56 | Queue | Villager (Male) |
| 5:56 | Queue | Villager (Male) |
| 5:56 | Queue | Villager (Male) |
| 7:11 | Build | House |
| 8:13 | Build | Town Center |
| 8:26 | Build | Town Center |
| 8:51 | Build | Palisade Wall |
| 9:10 | Queue | Villager (Male) |
| 9:10 | Queue | Villager (Male) |
| 9:10 | Queue | Villager (Male) |
| 9:10 | Queue | Villager (Male) |
| 9:54 | Build | Palisade Wall |
| 10:03 | Build | Palisade Wall |
| 10:29 | Build | Settlement |
| 11:49 | Build | House |
| 12:07 | Queue | Villager (Male) |
| 12:07 | Queue | Villager (Male) |
| 12:07 | Queue | Villager (Male) |
| 12:18 | Queue | Villager (Male) |
| 12:18 | Queue | Villager (Male) |
| 12:18 | Queue | Villager (Male) |
| 12:18 | Queue | Villager (Male) |
| 13:00 | Queue | Villager (Male) |
| 13:00 | Queue | Villager (Male) |
| 13:00 | Queue | Villager (Male) |
| 13:01 | Queue | Villager (Male) |
| 13:16 | Build | Palisade Wall |
| 13:35 | Queue | Villager (Male) |
| 13:35 | Queue | Villager (Male) |
| 13:35 | Queue | Villager (Male) |
| 13:35 | Queue | Villager (Male) |
| 13:46 | Queue | Villager (Male) |
| 13:46 | Queue | Villager (Male) |
| 13:46 | Queue | Villager (Male) |
| 14:13 | Queue | Villager (Male) |
| 14:13 | Queue | Villager (Male) |
| 14:13 | Queue | Villager (Male) |
| 15:10 | Queue | Villager (Male) |
| 15:10 | Queue | Villager (Male) |
| 15:10 | Queue | Villager (Male) |
| 15:10 | Queue | Villager (Male) |
| 16:13 | Queue | Villager (Male) |
| 16:17 | Research | Feudal Age |
| 16:17 | Research | Feudal Age |
| 16:38 | Build | Settlement |
| 17:40 | Build | Barracks |
| 17:50 | Build | House |
| 18:27 | Age | Feudal Age |
| 18:31 | Build | Archery Range |
| 18:34 | Queue | Villager (Male) |
| 18:38 | Research | Town Watch |
| 18:38 | Research | Town Watch |
| 18:52 | Build | Watch Tower |
| 19:08 | Queue | Skirmisher |
| 19:08 | Queue | Skirmisher |
| 19:31 | Queue | Villager (Male) |
| 19:49 | Queue | Skirmisher |
| 19:52 | Build | Farm |
| 19:54 | Queue | Villager (Male) |
| 20:15 | Build | Farm |
| 20:30 | Build | Farm |
| 20:53 | Queue | Skirmisher |
| 21:01 | Build | Farm |
| 21:03 | Build | Farm |
| 21:18 | Build | Farm |
| 21:29 | Build | Farm |
| 21:41 | Queue | Villager (Male) |
| 21:57 | Build | Farm |
| 22:13 | Build | Settlement |
| 22:20 | Queue | Villager (Male) |
| 22:24 | Build | Farm |
| 22:28 | Build | Farm |
| 22:58 | Queue | Villager (Male) |
| 23:16 | Build | Settlement |
| 23:23 | Queue | Villager (Male) |
| 24:03 | Queue | Villager (Male) |
| 24:28 | Queue | Villager (Male) |
| 24:33 | Build | Market |
| 24:49 | Queue | Skirmisher |
| 25:39 | Queue | Skirmisher |
| 25:45 | Queue | Spearman |
| 26:24 | Queue | Villager (Male) |
| 27:04 | Research | Castle Age |
| 27:04 | Research | Castle Age |
| 27:53 | Build | Watch Tower |
| 28:09 | Build | House |
| 28:42 | Build | Settlement |
| 29:22 | Queue | Spearman |
| 29:44 | Age | Castle Age |
| 29:52 | Build | Blacksmith |
| 29:55 | Queue | Villager (Male) |
| 29:55 | Queue | Villager (Male) |
| 30:01 | Build | Watch Tower |
| 30:29 | Build | Siege Workshop |
| 30:42 | Queue | Villager (Male) |
| 31:08 | Queue | Mangonel |
| 31:17 | Build | Farm |
| 32:06 | Build | Watch Tower |
| 32:27 | Build | Monastery |
| 32:31 | Queue | Villager (Male) |
| 32:44 | Queue | Villager (Male) |
| 32:59 | Queue | Monk |
| 32:59 | Queue | Monk |
| 33:33 | Build | Siege Workshop |
| 33:35 | Queue | Villager (Male) |
| 33:42 | Queue | Villager (Male) |
| 34:04 | Build | Watch Tower |
| 34:13 | Queue | Villager (Male) |
| 34:38 | Queue | Mangonel |
| 34:53 | Build | House |
| 35:00 | Build | Palisade Wall |
| 35:04 | Build | Palisade Wall |
| 35:07 | Build | Palisade Wall |
| 35:40 | Queue | Mangonel |
| 37:28 | Build | Town Center |
| 38:03 | Build | Castle |
| 38:11 | Research | Gold Mining |
| 38:21 | Queue | Monk |
Match timeline
| 8:51 | TE MS MOE · wall_segment Palisade Wall x1 |
| 9:17 | Tom Tucker · wall_segment Palisade Wall x1 |
| 9:20 | Tom Tucker · wall_segment Palisade Wall x1 |
| 9:22 | Tom Tucker · wall_segment Palisade Wall x1 |
| 9:54 | TE MS MOE · wall_segment Palisade Wall x1 |
| 9:56 | Tom Tucker · age_up feudal |
| 10:03 | TE MS MOE · wall_segment Palisade Wall x1 |
| 10:11 | Tom Tucker · first_building Barracks |
| 12:29 | Tom Tucker · first_building Archery Range |
| 13:16 | TE MS MOE · wall_segment Palisade Wall x1 |
| 17:40 | TE MS MOE · first_building Barracks |
| 18:27 | TE MS MOE · age_up feudal |
| 18:31 | TE MS MOE · first_building Archery Range |
| 19:52 | Tom Tucker · first_market_sell 100 stone |
| 19:53 | Tom Tucker · first_market_buy 100 food |
| 22:07 | Tom Tucker · first_building Stable |
| 26:50 | TE MS MOE · first_market_sell 100 wood |
| 29:09 | TE MS MOE · first_market_buy 100 wood |
| 29:44 | TE MS MOE · age_up castle |
| 30:29 | TE MS MOE · first_building Siege Workshop |
| 30:47 | Tom Tucker · age_up castle |
| 30:51 | Tom Tucker · first_building Castle |
| 31:49 | Tom Tucker · first_building Siege Workshop |
| 32:27 | TE MS MOE · first_building Monastery |
| 35:00 | TE MS MOE · wall_segment Palisade Wall x1 |
| 35:04 | TE MS MOE · wall_segment Palisade Wall x1 |
| 35:07 | TE MS MOE · wall_segment Palisade Wall x1 |
| 36:20 | Tom Tucker · first_building Monastery |
| 38:03 | TE MS MOE · first_building Castle |
| 50:48 | TE MS MOE · resign |
[ AI ANALYSIS · 1 CREDIT ]
What really happened in this match?
Wolo.gg analyzes every decision: build order, eco, micro, common mistakes by bracket. Personalized analysis on WhatsApp or Discord in 30 seconds.
Civ guide
Burmese
Perfil
Jugador #6252402